 Dungeon Crawl Stone Soup version 0.29-a0-284-gf9362112df (webtiles) character file.

Game seed: 826222049955910307

14 Hubjo the Vexing (level 2, -1/18 (21) HPs)
             Began as a Demonspawn Enchanter on Mar 16, 2022.
             Was a Believer of Lugonu.
             Hit by a goblin thrown by Robin (2 damage)
             ... on level 2 of the Dungeon.
             The game lasted 00:00:51 (1123 turns).

Hubjo the Vexing (Demonspawn Enchanter)             Turns: 1123, Time: 00:00:51

HP:   -1/18 (21)    AC:  2    Str:  8    XL:     2   Next: 27%
MP:   4/5           EV: 14    Int: 16    God:    Lugonu [**....]
Gold: 23            SH:  0    Dex: 13    Spells: 5/5 levels left

rFire   . . .      SeeInvis .   a - +1 dagger
rCold   . . .      Faith    .   (no shield)
rNeg    . . .      Spirit   .   b - +0 robe
rPois   .          Reflect  .   (no helmet)
rElec   .          Harm     .   (no cloak)
rCorr   .          Rampage  .   (no gloves)
Will    .....                   (no boots)
Stlth   ++........              (no amulet)
HPRegen 0.06/turn               (no ring)
MPRegen 0.09/turn               (no ring)

@: heavily drained
A: repulsion field 1
a: Renounce Religion, Depart the Abyss, Bend Space


You were on level 2 of the Dungeon.
You worshipped Lugonu.
Lugonu was pleased with you.
You visited 1 branch of the dungeon, and saw 2 of its levels.

You collected 23 gold pieces.

Inventory:

Hand Weapons
 a - a +1 dagger (weapon)
Missiles
 g - a throwing net (quivered)
Armour
 b - a +0 robe (worn)
Scrolls
 d - a scroll of teleportation {unknown}
 e - a scroll of torment {unknown}
 i - a scroll of amnesia {unknown}
 j - a scroll of immolation {unknown}
Potions
 c - 2 potions of invisibility
 f - a potion of flight {unknown}
 h - a potion of attraction {unknown}


   Skills:
 * Level 1.1 Fighting
 - Level 0.8 Short Blades
 - Level 1.7 Dodging
 * Level 3.0 Stealth
 + Level 2.1 Spellcasting
 + Level 3.1 Hexes


You had 5 spell levels left.
You didn't know any spells.
Your spell library contained the following spells:

 Spells                   Type           Power      Damage    Failure   Level
 Ensorcelled Hibernation  Hex/Ice        12%        N/A       16%         2
 Confusing Touch          Hex            11%        N/A       17%         3
 Tukima's Dance           Hex            11%        N/A       17%         3
 Dazzling Flash           Conj/Hex       12%        N/A       32%         3
 Leda's Liquefaction      Hex/Erth       3%         N/A       71%         4
 Lee's Rapid Deconstruct  Erth           0%         3d5*      99%         5
 Statue Form              Tmut/Erth      0%         N/A       100%        6


Dungeon Overview and Level Annotations

Branches:
Dungeon (2/15)

Altars:
Lugonu

Annotations:
D:2 Robin


Innate Abilities, Weirdness & Mutations

You are surrounded by a mild repulsion field. (EV +2)


Message History

There are monsters nearby!
A goblin and a hobgoblin come into view.
The goblin shouts! x2
A goblin comes into view. It is wielding a +0 club.
The goblin moves out of view.
Found a book of Minor Magic.
Robin of the Strong Arm comes into view.
They are wielding a +0 club and carrying a wand of digging (6).
A goblin comes into view. It is wielding a +0 dagger of draining.
The hobgoblin shouts!
The goblin shouts!
The goblin hits you with a +0 dagger. The hobgoblin barely misses you.
You barely miss the goblin. You hit the goblin.
You kill the goblin!
Lugonu accepts your kill.
Robin roars a battlecry!
The goblins go into a battle-frenzy!
A goblin comes into view. It is wielding a +0 dagger.
Your Stealth skill increases to level 3!
The hobgoblin attacks as you move away! The hobgoblin hits you!
The goblin attacks as you move away! The goblin barely misses you.
Robin throws the goblin at you!
The goblin hits you with a +0 dagger of draining.
* * * LOW HITPOINT WARNING * * *
You feel drained.
You hit the goblin.
The goblin is heavily wounded.
The goblin hits you with a +0 dagger of draining.
* * * LOW HITPOINT WARNING * * *
You feel drained. The hobgoblin closely misses you.
You closely miss the goblin.
The goblin is moderately wounded.
The goblin hits you with a +0 dagger of draining.
* * * LOW HITPOINT WARNING * * *
You feel drained. The hobgoblin hits you.
* * * LOW HITPOINT WARNING * * *
A goblin comes into view.
It is wielding a +0 dagger of electrocution.
Space bends around you!
You blink.
A hobgoblin comes into view.
Robin throws the goblin at you!
You die...

#### ## ######..
#. ...##.#
##.######.##.####
#.g.#gg§g.......#
#..@gg###.##.##.#
..g.g.g.gg#
#.##.##.#
#.####:..##
#.##.##.###.
#....
..##........
##.###
#####...#### #.#
#...# #+# #...#
##.## ##.#


You could see Robin, 3 hobgoblins and 7 goblins.

Vanquished Creatures
  A giant cockroach (D:1)
  A goblin (D:2)
  4 jackals (D:1)
  A quokka (D:1)
  A ball python (D:1)
  A bat (D:1)
  A frilled lizard (D:1)
  3 kobolds (D:1)
13 creatures vanquished.

Notes
Turn   | Place    | Note
-------+----------+-------------------------------------------
     0 | D:1      | Hubjo the Demonspawn Enchanter began the quest for the Orb.
     0 | D:1      | Reached XP level 1. HP: 13/13 MP: 3/3
   341 | D:1      | Found a faded altar of an unknown god.
   345 | D:1      | Prayed at the altar of an unknown god.
   345 | D:1      | Became a worshipper of Lugonu the Unformed
   345 | D:1      | Reached * piety under Lugonu
   345 | D:1      | Reached ** piety under Lugonu
   908 | D:1      | Gained mutation: You are surrounded by a mild repulsion
                  | field. (EV +2) [demonic ancestry]
   908 | D:1      | Reached XP level 2. HP: 17/20 MP: 5/5
   911 | D:1      | Reached skill level 1 in Fighting
  1116 | D:2      | Noticed Robin
  1123 | D:2      | Hit by a goblin thrown by Robin

Illustrated notes

Levels and vault maps discovered:
D:1:      dpeg_arrival_orchard, layout_basic,
          hellmonk_ecumenical_altar_inner_sanctum, minmay_misc_feat_roman,
          amcnicky_mini_corridor_feature
D:2:      layout_loops_corners, uniq_robin

Skill      XL: |  1  2 |
---------------+-------+-----
Fighting       | 1 |  1.1
Stealth        | 3 |  3.0
Short Blades   | |  0.8
Dodging        | |  1.7
Spellcasting   | |  2.1
Hexes          | |  3.1

Action                   || total
-------------------------++-------
Melee: Dagger            ||    57
       Punch             ||     1
Invok: Bend Space        ||     1
 Stab: Sleeping          ||     1
Armor: Robe              ||    14
Dodge: Dodged            ||    38

Table legend: (Time is in decaauts)
 A = Elapsed time spent in this place.
 B = Non-inter-level travel time spent in this place.
 C = Inter-level travel time spent in this place.
 D = Time resting spent in this place.
 E = Time spent auto-exploring this place.
 F = Levels seen in this place.
 G = Mean time per level.
                   A        B        C        D        E       F      G
               +--------+--------+--------+--------+--------+-----+--------+
         Total |   1120 |   1090 |     30 |      0 |    967 |   2 |  560.0 |
       Dungeon |   1120 |   1090 |     30 |      0 |    967 |   2 |  560.0 |
               +--------+--------+--------+--------+--------+-----+--------+

Top non-repeatable levels by time:
     D:1: 1051 daAuts
     D:2: 69 daAuts
